 Dungeon Crawl Stone Soup version 0.26.1-2-gb8aa6d0cf2 (webtiles) character file.

Game seed: 12842194772763493174

32 Gadfly the Skirmisher (level 3, -8/29 HPs)
             Began as a Demonspawn Monk on Feb 8, 2021.
             Mangled by a gnoll (9 damage)
             ... on level 2 of the Dungeon.
             The game lasted 00:00:59 (1146 turns).

Gadfly the Skirmisher (Demonspawn Monk)             Turns: 1146, Time: 00:00:59

Health: -8/29      AC:  2    Str: 12    XL:     3   Next: 10%
Magic:  4/4        EV: 13    Int: 11    God:
Gold:   42         SH:  0    Dex: 15    Spells: 2/2 levels left

rFire    . . .     SeeInvis .   a - +0 hand axe
rCold    . . .     Faith    .   (no shield)
rNeg     . . .     Spirit   .   b - +0 robe
rPois    .         Reflect  .   (no helmet)
rElec    .         Harm     .   (no cloak)
rCorr    .         Rampage  .   (no gloves)
Will     .....                  (no boots)
Stlth    ++........             (no amulet)
HPRegen  0.09/turn              (no ring)
MPRegen  0.09/turn              (no ring)

@: no status effects
A: talons 1, demonic guardian 1
a: no special abilities


You were on level 2 of the Dungeon.
You visited 1 branch of the dungeon, and saw 2 of its levels.

You collected 42 gold pieces.

Inventory:

Hand Weapons
 a - a +0 hand axe (weapon)
Armour
 b - a +0 robe (worn)
Jewellery
 g - a +4 ring of evasion {unknown}
Scrolls
 d - a scroll of enchant weapon {unknown}
Potions
 e - a potion of brilliance {unknown}
 f - a potion of curing {unknown}


   Skills:
 - Level 3.0 Fighting
 + Level 2.9 Axes
 * Level 1.0 Armour
 - Level 2.6 Dodging
 - Level 1.7 Stealth
 * Level 2.1 Invocations
 * Level 1.2 Evocations


You had 2 spell levels left.
You didn't know any spells.
Your spell library was empty.

Dungeon Overview and Level Annotations

Branches:
Dungeon (2/15)

Altars:
Xom


Innate Abilities, Weirdness & Mutations

You have sharp toenails.
A weak demonic guardian rushes to your aid.


Message History

You hit the gnoll.
The gnoll is heavily wounded.
You hit the gnoll. The gnoll misses you. The gnoll barely misses you. x2
You hit the gnoll but do no damage. Your kick misses the gnoll.
The gnoll is heavily wounded.
You barely miss the gnoll. The gnoll hits you with a +0 club.
The gnoll barely misses you. The gnoll closely misses you.
You hit the gnoll.
The gnoll is almost dead.
You hit the gnoll. The gnoll hits you. The gnoll hits you with a +0 club.
You hit the gnoll but do no damage.
The gnoll is almost dead.
You hit the gnoll. The gnoll hits you!
* * * LOW HITPOINT WARNING * * *
The gnoll closely misses you.
Unknown command.
You hit the gnoll. Your kick misses the gnoll.
The gnoll is almost dead.
You hit the gnoll. The gnoll hits you!
You die...

#. #. #. #.## ####
#... .[..
#.g##..###.
#.5@g......
##.######## #.# #.#
#.# #.#########
##+# #
#.#........##...###
#.#.######.#.....##
#.#..### #.......(#


You could see 2 gnolls and a friendly shadow imp (summoned).

Vanquished Creatures
  A leopard gecko (D:1)
  A ball python (D:1)
  5 bats (D:1)
  2 giant cockroaches (D:1)
  2 goblins
  3 jackals (D:1)
  3 kobolds (D:1)
  A frilled lizard (D:1)
18 creatures vanquished.

Vanquished Creatures (collateral kills)
  A gnoll (D:2)
1 creature vanquished.

Vanquished Creatures (others)
  3 plants (D:1)
3 creatures vanquished.

Grand Total: 22 creatures vanquished

Notes
Turn   | Place    | Note
-------+----------+-------------------------------------------
     0 | D:1      | Gadfly the Demonspawn Monk began the quest for the Orb.
     0 | D:1      | Reached XP level 1. HP: 18/18 MP: 1/1
    35 | D:1      | Reached skill level 1 in Invocations
    38 | D:1      | Gained mutation: A weak demonic guardian rushes to your
                  | aid. [demonic ancestry]
    38 | D:1      | Reached XP level 2. HP: 11/24 MP: 2/2
   468 | D:1      | Reached skill level 1 in Evocations
  1063 | D:2      | Found a shimmering altar of Xom.
  1141 | D:2      | Reached skill level 1 in Armour
  1141 | D:2      | Gained mutation: You have sharp toenails. [demonic
                  | ancestry]
  1141 | D:2      | Reached XP level 3. HP: 20/29 MP: 4/4
  1145 | D:2      | HP: 1/29 [gnoll (9)]
  1146 | D:2      | Mangled by a gnoll

Illustrated notes

Levels and vault maps discovered:
D:1:      minmay_arrival_open_corners, layout_basic, serial_forest,
          infiniplex_forest_lined_4_way, infiniplex_forest_end_2,
          infiniplex_forest_end_double, infiniplex_forest_clump_large,
          infiniplex_forest_lined_3
D:2:      layout_loops_corners, general_overflow_altar,
          chequers_temple_overflow_statue_of_worship

Skill      XL: |  1  2 |
---------------+-------+-----
Invocations    | 1 2 |  2.1
Evocations     | 1 |  1.2
Armour         | 1 |  1.0
Fighting       | |  3.0
Axes           | |  2.9
Dodging        | |  2.6
Stealth        | |  1.7

Action                   || total
-------------------------++-------
Melee: Hand axe          ||    67
  Use: Scroll            ||     3
 Stab: Sleeping          ||     1
Armor: Robe              ||    18
Dodge: Dodged            ||    92
